[Event "Sunday 28 January Rapid Engine Tour 12+1 Rounds 9 Starts 1600 ST"]
[Site "Infinity Chess"]
[Date "2018.1.28"]
[Round "9"]
[White "Susanne"]
[Black "KRAKEN"]
[Result "1/2-1/2"]
[ECO "C53"]
[WhiteElo "2490"]
[BlackElo "2485"]
[WhiteEngine "asmfish-bmi2-012118-W_CTG"]
[BlackEngine "Raubfisch X37b4a_CTG"]
[EventType "Swiss"]
[WhiteTeam ""]
[BlackTeam ""]
[PlyCount "124"]
[TimeControl "720+1"]

1. e4 e5 2. Nf3 Nc6 3. Bc4 Bc5 4. c3 Nf6 5. d3 O-O 6. O-O d6 7. Nbd2 a6 
8. a4 Ba7 9. h3 Ne7 10. Re1 Ng6 11. d4 c6 12. Bf1 Re8 13. Qc2 Qc7 14. dxe5 Nxe5 
15. Nxe5 dxe5 16. a5 h6 17. Nf3 Qe7 18. Bd2 Bd7 19. Qb3 Qd6 20. Bc4 Be6 
21. Bxe6 Qxe6 22. Qxe6 Rxe6 23. Be3 Bxe3 24. Rxe3 Rd8 25. Kf1 Kf8 26. g3 Ke7 
27. Ke1 g5 28. Nd2 h5 29. Ke2 Ne8 30. Rb1 Rg6 31. Nf3 Nd6 32. b3 f6 33. h4 g4 
34. Nd2 Kd7 35. b4 Kc7 36. Rd1 Rd7 37. Rd3 Rgg7 38. c4 f5 39. exf5 Nxf5 
40. Rxd7+ Rxd7 41. Nb3 Re7 42. Nc5 e4 43. Kd2 e3+ 44. Ke1 exf2+ 45. Kxf2 Nd6 
46. Rd4 Rf7+ 47. Ke1 Re7+ 48. Kf2 Re5 49. Rf4 Re8 50. Rf6 Ne4+ 51. Nxe4 Rxe4 
52. Rf7+ Kc8 53. b5 Rxc4 54. bxa6 bxa6 55. Rf5 Rc2+ 56. Ke3 Rg2 57. Rxh5 Rxg3+ 
58. Kf4 Ra3 59. Rh6 Kd7 60. Kxg4 Rxa5 61. h5 Ra4+ 62. Kf3 Rh4 1/2-1/2

[Event "Sunday 28 January Rapid Engine Tour 12+1 Rounds 9 Starts 1600 ST"]
[Site "Infinity Chess"]
[Date "2018.1.28"]
[Round "9"]
[White "Eman"]
[Black "Murx"]
[Result "1/2-1/2"]
[ECO "D35"]
[WhiteElo "2493"]
[BlackElo "2528"]
[WhiteEngine "Eman 1.68c 64-bit POPCNT"]
[BlackEngine "BrainFish_180113_x64_modern"]
[EventType "Swiss"]
[WhiteTeam ""]
[BlackTeam ""]
[PlyCount "160"]
[TimeControl "720+1"]

1. d4 d5 2. c4 e6 3. Nc3 Nf6 4. cxd5 exd5 5. Bg5 c6 6. e3 Be7 7. Bd3 Nbd7 
8. h3 O-O 9. Bf4 b6 10. Nf3 a6 11. O-O Bb7 12. Rc1 c5 13. dxc5 Nxc5 14. Bb1 Re8 
15. Be5 Nfe4 16. Ne2 a5 17. Nf4 Rc8 18. Re1 Bf6 19. Bxf6 Qxf6 20. Qd4 g6 
21. h4 Qxd4 22. Nxd4 Kf8 23. Nb5 Red8 24. Nd4 Ke7 25. f3 Nd6 26. Kf2 Nc4 
27. b3 Na3 28. g4 Kd6 29. Nde2 Na6 30. Bd3 Rxc1 31. Rxc1 Nb4 32. Rd1 Rc8 
33. Nd4 Nxd3+ 34. Nxd3 Nc2 35. Ne2 Na3 36. Ne1 Nc2 37. Nd3 Na3 38. Ne1 Nb5 
39. Rd2 Na3 40. Nd4 Ba6 41. Rd1 Nb5 42. Nec2 Nc3 43. Ra1 Ke5 44. a4 f5 
45. gxf5 gxf5 46. h5 Ne2 47. Re1 Nc3 48. Ra1 Ne2 49. h6 Rc7 50. Rd1 f4 
51. exf4+ Nxf4 52. Re1+ Kd6 53. Re8 Bd3 54. Ke3 Rf7 55. Na3 Kc5 56. Rc8+ Kb4 
57. Nab5 Bxb5 58. axb5 Ng2+ 59. Kf2 Nh4 60. Rc6 Nf5 61. Nxf5 Rxf5 62. Rxb6 Rf7 
63. Ke3 Kxb3 64. Ra6 Kc4 65. Rxa5 d4+ 66. Kd2 Rxf3 67. b6 Rf2+ 68. Kc1 Rf1+ 
69. Kc2 d3+ 70. Kd2 Rf2+ 71. Kc1 Rf1+ 72. Kd2 Rf2+ 73. Ke3 Re2+ 74. Kf3 Re1 
75. Ra2 Rb1 76. Ke3 d2 77. Rxd2 Rxb6 78. Rd4+ Kc5 79. Rh4 Rb1 80. Rh2 Rb3+ 
1/2-1/2

[Event "Sunday 28 January Rapid Engine Tour 12+1 Rounds 9 Starts 1600 ST"]
[Site "Infinity Chess"]
[Date "2018.1.28"]
[Round "8"]
[White "Satria_Ungu"]
[Black "Thinker"]
[Result "1/2-1/2"]
[ECO "A06"]
[WhiteElo "2355"]
[BlackElo "2402"]
[WhiteEngine "Houdini 6_CTG"]
[BlackEngine "BrainFish_180124_x64_modern_CTG"]
[EventType "Swiss"]
[WhiteTeam ""]
[BlackTeam ""]
[PlyCount "89"]
[TimeControl "720+1"]

1. Nf3 d5 2. d4 Nf6 3. c4 e6 4. Nc3 Be7 5. Bf4 O-O 6. Rc1 b6 7. cxd5 Nxd5 
8. Nxd5 Qxd5 9. a3 c5 10. dxc5 bxc5 11. g3 Bb7 12. Bg2 Rd8 13. O-O Nd7 
14. Qc2 Nf6 15. Bc7 Rdc8 16. Nh4 Ne4 17. Rfd1 Qc6 18. Be5 Rd8 19. Nf3 Qb6 
20. Ne1 Nf6 21. Bxb7 Qxb7 22. Rxd8+ Rxd8 23. Bxf6 gxf6 24. Nd3 Rd4 25. b3 Qd5 
26. Nf4 Qd6 27. Qc3 f5 28. Nd3 Qd5 29. f3 a5 30. Rc2 a4 31. bxa4 Rxa4 
32. Nb2 Ra7 33. Kg2 Qd4 34. Nc4 Qxc3 35. Rxc3 Bf6 36. Rc1 Kf8 37. Kf2 Ke7 
38. Ke3 Kd7 39. Kd3 Kc6 40. e3 Rd7+ 41. Kc2 Kb5 42. Nd2 Kc6 43. Nc4 Kb5 
44. Nd2 Kc6 45. Nc4 1/2-1/2

[Event "Sunday 28 January Rapid Engine Tour 12+1 Rounds 9 Starts 1600 ST"]
[Site "Infinity Chess"]
[Date "2018.1.28"]
[Round "8"]
[White "Cepri"]
[Black "SkyPilot"]
[Result "1/2-1/2"]
[ECO "B90"]
[WhiteElo "2417"]
[BlackElo "2497"]
[WhiteEngine "asmFishW_07N17_CTG"]
[BlackEngine "stockfish_x64_bmi2_2018_01_13_CTG"]
[EventType "Swiss"]
[WhiteTeam ""]
[BlackTeam ""]
[PlyCount "95"]
[TimeControl "720+1"]

1. e4 c5 2. Nf3 d6 3. d4 cxd4 4. Nxd4 Nf6 5. Nc3 a6 6. Be3 e5 7. Nb3 Be6 
8. Be2 Be7 9. Qd3 Nbd7 10. Nd5 O-O 11. O-O Bxd5 12. exd5 b6 13. c4 a5 
14. Rae1 Re8 15. f4 Rc8 16. Nd2 exf4 17. Bxf4 Ne5 18. Qb3 Nfd7 19. Qh3 g6 
20. Kh1 Bh4 21. g3 Bf6 22. Ne4 Nc5 23. Nxf6+ Qxf6 24. b3 h5 25. Bd1 Ned3 
26. Re2 Qd4 27. Be3 Qe4+ 28. Kg1 Qg4 29. Qxg4 hxg4 30. Bxc5 bxc5 31. Rxe8+ Rxe8 
32. Bxg4 Kg7 33. Bd1 Nc1 34. Kf2 Nxa2 35. Re1 Rxe1 36. Kxe1 Nb4 37. Kf2 Kf6 
38. Ke2 Kg5 39. Ke3 Kf5 40. h4 Ke5 41. g4 f5 42. g5 Na2 43. Bc2 Nc3 44. Bd3 Nd1+ 
45. Kf3 Nc3 46. Ke3 Ne4 47. Bc2 Nc3 48. Bd3 1/2-1/2

[Event "Sunday 28 January Rapid Engine Tour 12+1 Rounds 9 Starts 1600 ST"]
[Site "Infinity Chess"]
[Date "2018.1.28"]
[Round "8"]
[White "Dovahkiin"]
[Black "star99"]
[Result "1/2-1/2"]
[ECO "C55"]
[WhiteElo "2402"]
[BlackElo "2364"]
[WhiteEngine "BrainFish_180113_x64_modern_CTG"]
[BlackEngine "Cryptic AIL V2"]
[EventType "Swiss"]
[WhiteTeam ""]
[BlackTeam ""]
[PlyCount "57"]
[TimeControl "720+1"]

1. e4 e5 2. Nf3 Nc6 3. Bc4 Nf6 4. d3 Bc5 5. O-O d6 6. c3 O-O 7. Re1 a5 
8. Bb3 Re8 9. h3 h6 10. a4 Rb8 11. Bc4 Be6 12. Bxe6 Rxe6 13. d4 exd4 
14. cxd4 Bb4 15. d5 Bxe1 16. Nxe1 Re8 17. dxc6 bxc6 18. e5 Qe7 19. Nf3 dxe5 
20. Na3 e4 21. Ne1 Qb4 22. Bd2 Qxb2 23. Nc4 Qd4 24. Qc1 Rb3 25. Be3 Qd5 
26. Bf4 Qd4 27. Be3 Qd5 28. Bf4 Qd4 29. Be3 1/2-1/2

[Event "Sunday 28 January Rapid Engine Tour 12+1 Rounds 9 Starts 1600 ST"]
[Site "Infinity Chess"]
[Date "2018.1.28"]
[Round "8"]
[White "MarioDeMonti"]
[Black "incredible"]
[Result "1/2-1/2"]
[ECO "C53"]
[WhiteElo "2471"]
[BlackElo "2422"]
[WhiteEngine "stockfish_x64_bmi2_2018_01_13_CTG"]
[BlackEngine "Houdini 6"]
[EventType "Swiss"]
[WhiteTeam ""]
[BlackTeam ""]
[PlyCount "118"]
[TimeControl "720+1"]

1. e4 e5 2. Nf3 Nc6 3. Bc4 Bc5 4. c3 Nf6 5. d3 a6 6. O-O Ba7 7. Re1 d6 8. a4 Ng4 
9. Rf1 Nf6 10. b4 Qe7 11. Na3 h6 12. Re1 O-O 13. Nc2 Be6 14. Bxe6 Qxe6 
15. Be3 Bxe3 16. Nxe3 Ne7 17. Qc2 Ng4 18. d4 Nxe3 19. Rxe3 Ng6 20. g3 Rad8 
21. Qe2 Qg4 22. Re1 Rfe8 23. a5 exd4 24. Nxd4 Qxe2 25. R3xe2 c5 26. bxc5 dxc5 
27. Nf3 f6 28. Kg2 Rd3 29. Rc2 h5 30. Nd2 Ne5 31. f4 Red8 32. Re2 Nc6 
33. Nc4 Re8 34. Rc1 g5 35. Kf2 gxf4 36. gxf4 Rh3 37. Kg2 Rd3 38. Kf2 Rh3 
39. Kg2 Rd3 40. Nb2 Rd7 41. Ra1 Na7 42. Kf2 Nb5 43. Rg1+ Kf7 44. Rg3 c4 
45. Rh3 Rde7 46. Rhe3 Rg8 47. Re1 Rd8 48. R1e2 Rg8 49. Rf3 Rd8 50. Kf1 Na3 
51. Ke1 Rc7 52. Na4 Rd3 53. Rg3 Re7 54. Nc5 Rxg3 55. hxg3 Nb5 56. Re3 Na7 
57. Re2 Nb5 58. Re3 Na7 59. Re2 Nb5 1/2-1/2

[Event "Sunday 28 January Rapid Engine Tour 12+1 Rounds 9 Starts 1600 ST"]
[Site "Infinity Chess"]
[Date "2018.1.28"]
[Round "8"]
[White "Tiger"]
[Black "Gilgamesch"]
[Result "1/2-1/2"]
[ECO "C53"]
[WhiteElo "2435"]
[BlackElo "2467"]
[WhiteEngine "BrainFish_180124_x64_bmi2"]
[BlackEngine "BrainFish_171005_x64_bmi2"]
[EventType "Swiss"]
[WhiteTeam ""]
[BlackTeam ""]
[PlyCount "68"]
[TimeControl "720+1"]

1. e4 e5 2. Nf3 Nc6 3. Bc4 Bc5 4. c3 Nf6 5. d4 exd4 6. e5 d5 7. Bb5 Ne4 
8. cxd4 Bb6 9. O-O Bg4 10. a4 a5 11. Nc3 O-O 12. Bxc6 bxc6 13. h3 Bxf3 
14. Qxf3 Bxd4 15. Nxe4 dxe4 16. Qxe4 Re8 17. Qxc6 Rb8 18. Be3 Re6 19. Qc4 Rb4 
20. Qc2 Bxe5 21. Rad1 Qa8 22. b3 h6 23. Rd3 Bd6 24. Bc1 Rbe4 25. Qd1 Qc6 
26. g3 Bc5 27. Qc2 Bb6 28. Qxc6 Rxc6 29. Be3 Bxe3 30. fxe3 Rc2 31. Rf2 Rc1+ 
32. Rf1 Rc2 33. Rf2 Rc1+ 34. Rf1 Rc2 1/2-1/2

[Event "Sunday 28 January Rapid Engine Tour 12+1 Rounds 9 Starts 1600 ST"]
[Site "Infinity Chess"]
[Date "2018.1.28"]
[Round "8"]
[White "BraveDevil"]
[Black "hafaba"]
[Result "1/2-1/2"]
[ECO "B00"]
[WhiteElo "2449"]
[BlackElo "2470"]
[WhiteEngine "Cryptic AIL V2"]
[BlackEngine "SF SL FA 26012018 POPCNT_CTG"]
[EventType "Swiss"]
[WhiteTeam ""]
[BlackTeam ""]
[PlyCount "172"]
[TimeControl "720+1"]

1. e4 Nc6 2. d4 d5 3. e5 Bf5 4. Nf3 e6 5. Nbd2 Nb4 6. Bb5+ c6 7. Ba4 Qa5 
8. Bb3 c5 9. O-O c4 10. c3 cxb3 11. Nxb3 Qb5 12. cxb4 Bxb4 13. a3 Be7 
14. Nc5 Bxc5 15. dxc5 Ne7 16. Nd4 Qxc5 17. Bg5 Nc6 18. Nxf5 exf5 19. Rc1 Qb5 
20. b4 h6 21. Rc5 Qb6 22. Be3 d4 23. e6 O-O 24. exf7+ Rxf7 25. Bd2 Kh7 
26. Re1 Raf8 27. h3 Ne7 28. Bf4 Qd8 29. Bc7 Qd7 30. Be5 Ng6 31. Qxd4 Qxd4 
32. Bxd4 Rd8 33. Bc3 Rd3 34. Rc4 a6 35. Kf1 f4 36. Ree4 f3 37. g3 Rfd7 
38. Re3 Ne7 39. a4 Rd1+ 40. Re1 Rxe1+ 41. Bxe1 Rd1 42. Rc3 Nc6 43. Rxf3 Nd4 
44. Re3 Nc2 45. Re2 Nxb4 46. Kg2 Nc6 47. Re4 b5 48. axb5 axb5 49. Kf3 Nd4+ 
50. Kg4 Nc6 51. Kf4 Kg8 52. Bc3 Rd3 53. Re3 Rd6 54. Ba1 Kf7 55. Rf3 Rd1 
56. Bb2 Rb1 57. Ke4+ Kg6 58. Rb3 Na5 59. Rb4 Nc4 60. Bc3 Rd1 61. Rb3 Kf7 
62. g4 Nd6+ 63. Ke3 Rh1 64. Be5 Nc4+ 65. Kf4 Re1 66. Bc3 Rd1 67. Ke4 g5 
68. Bb4 Ke6 69. f4 gxf4 70. Kxf4 Rd5 71. Ke4 h5 72. Rg3 Re5+ 73. Kd4 hxg4 
74. hxg4 Rd5+ 75. Ke4 Ne5 76. g5 Ng6 77. Bc3 Rf5 78. Kd4 Nf4 79. Re3+ Kf7 
80. Ke4 Kg6 81. Rf3 Nh5 82. Rxf5 Ng3+ 83. Kd3 Nxf5 84. Bd2 Ng7 85. Ke4 b4 
86. Kd3 b3 1/2-1/2

[Event "Sunday 28 January Rapid Engine Tour 12+1 Rounds 9 Starts 1600 ST"]
[Site "Infinity Chess"]
[Date "2018.1.28"]
[Round "8"]
[White "Eman"]
[Black "KhalidOmar"]
[Result "1-0"]
[ECO "D30"]
[WhiteElo "2478"]
[BlackElo "2458"]
[WhiteEngine "Eman 1.68c 64-bit POPCNT"]
[BlackEngine "Eman 1.68c 64-bit BMI2"]
[EventType "Swiss"]
[WhiteTeam ""]
[BlackTeam ""]
[PlyCount "217"]
[TimeControl "720+1"]

1. d4 d5 2. c4 e6 3. Nf3 Nf6 4. Nc3 c6 5. Bg5 h6 6. Bxf6 Qxf6 7. e3 g6 
8. Be2 Nd7 9. O-O Qe7 10. e4 dxc4 11. Bxc4 Bg7 12. e5 O-O 13. Qe2 b5 14. Bd3 Bb7 
15. Be4 Rac8 16. a3 a5 17. Rfc1 Nb6 18. Nb1 Nc4 19. b3 Nb6 20. Qe1 Nd5 
21. Nc3 Qd7 22. Qd2 Rfd8 23. Nxd5 cxd5 24. Bd3 a4 25. b4 Rc4 26. Ra2 Rdc8 
27. Rac2 R8c7 28. g3 Bc6 29. h4 Rc8 30. Qe3 Qa7 31. Kh2 Rf8 32. Bf1 Rd8 
33. Ng1 h5 34. f3 Qe7 35. Nh3 Qb7 36. Bxc4 dxc4 37. Rf2 Qa7 38. Rd2 Rd5 
39. Qf4 Rd7 40. Rcd1 Bd5 41. Qe3 Qc7 42. Re2 Qd8 43. Kg2 Qc8 44. Nf2 Qd8 
45. Ne4 Bxe4 46. Qxe4 Rd5 47. Qf4 Qd7 48. Ree1 Qd8 49. Kh3 Qc7 50. Qe4 Kh7 
51. g4 hxg4+ 52. fxg4 Kg8 53. h5 g5 54. Qe3 Qd8 55. Qd2 Kh7 56. Qc3 Kh8 
57. Rd2 Kg8 58. Ree2 Kh8 59. Re1 Qd7 60. Ree2 Qd8 61. Kg2 Qa8 62. Kf2 Kh7 
63. Qe3 Qd8 64. Ke1 Bh6 65. Kd1 Kg8 66. Kc2 Qa8 67. Rf2 Rd7 68. Qf3 Qxf3 
69. Rxf3 Bg7 70. Rff2 Rd8 71. Rh2 Bh8 72. Rd1 Rd5 73. Rhd2 Kf8 74. Rf2 Kg7 
75. Kc3 Rd8 76. d5 exd5 77. Rfd2 Kh7 78. Rxd5 Bxe5+ 79. Kc2 Re8 80. Re1 f6 
81. Rxb5 Kg8 82. Rc5 Rf8 83. Rd1 Rf7 84. Rxc4 Bf4 85. b5 f5 86. gxf5 Kf8 
87. Rd8+ Ke7 88. Rd5 Kf8 89. Rc8+ Kg7 90. Rc6 Kh7 91. b6 g4 92. Rd4 Bb8 
93. Rd8 Be5 94. Ra8 Bd4 95. Ra7 Rxa7 96. bxa7 Bxa7 97. Rc7+ Kh6 98. Rxa7 g3 
99. Ra6+ Kg5 100. Rg6+ Kxf5 101. Rxg3 Kf4 102. Rg8 Ke4 103. h6 Kf5 104. h7 Ke4 
105. h8=Q Kf5 106. Qh5+ Ke4 107. Kd2 Kf4 108. Rg4+ Kf3 109. Qf5# 1-0

[Event "Sunday 28 January Rapid Engine Tour 12+1 Rounds 9 Starts 1600 ST"]
[Site "Infinity Chess"]
[Date "2018.1.28"]
[Round "8"]
[White "fati64"]
[Black "RonWeasley"]
[Result "1/2-1/2"]
[ECO "C11"]
[WhiteElo "2483"]
[BlackElo "2461"]
[WhiteEngine "S_XPrO.220118.x64.POPNT"]
[BlackEngine "BrainFish 060118_CTG"]
[EventType "Swiss"]
[WhiteTeam ""]
[BlackTeam ""]
[PlyCount "148"]
[TimeControl "720+1"]

1. e4 e6 2. d4 d5 3. Nc3 Nf6 4. e5 Nfd7 5. f4 c5 6. Nf3 Nc6 7. Be3 cxd4 
8. Nxd4 Qb6 9. Qd2 Qxb2 10. Rb1 Qa3 11. Bb5 Nxd4 12. Bxd4 a6 13. Bxd7+ Bxd7 
14. Rb3 Qe7 15. Rxb7 Rc8 16. O-O Qd8 17. Qf2 Rxc3 18. Bxc3 Qc8 19. Rb3 Ba4 
20. Bd4 Bxb3 21. axb3 Be7 22. c3 O-O 23. b4 Qc6 24. Ra1 Bd8 25. h4 Bc7 
26. Kh2 Ra8 27. h5 h6 28. Rb1 Rb8 29. Qf1 Rb5 30. Ra1 a5 31. bxa5 Rxa5 
32. Rb1 Qa8 33. Kg3 Qc8 34. Rb4 Bd8 35. Qb1 Ra8 36. Rb7 Ba5 37. Qb2 Qc6 
38. Qb5 Qc8 39. Qb2 Bc7 40. Kf3 Rb8 41. Rxb8 Qxb8 42. Qxb8+ Bxb8 43. g3 Bc7 
44. Be3 g6 45. g4 Kg7 46. Ke2 gxh5 47. gxh5 f5 48. Kd3 Bd8 49. c4 dxc4+ 
50. Kxc4 Be7 51. Bc5 Bh4 52. Bd4 Bg3 53. Be3 Bh4 54. Kd3 Bg3 55. Bc1 Kf7 
56. Be3 Bh4 57. Bc5 Be1 58. Be3 Bh4 59. Bc1 Be1 60. Be3 Kg7 61. Ke2 Bh4 
62. Bc1 Bg3 63. Ke3 Be1 64. Ba3 Bh4 65. Bc5 Kf7 66. Kf3 Be1 67. Ke2 Bh4 
68. Kd3 Bd8 69. Ke3 Bh4 70. Ba3 Be1 71. Kd3 Bg3 72. Bc1 Be1 73. Ba3 Ba5 
74. Bc1 Be1 1/2-1/2

[Event "Sunday 28 January Rapid Engine Tour 12+1 Rounds 9 Starts 1600 ST"]
[Site "Infinity Chess"]
[Date "2018.1.28"]
[Round "8"]
[White "tris77"]
[Black "KRAKEN"]
[Result "1/2-1/2"]
[ECO "C65"]
[WhiteElo "2375"]
[BlackElo "2490"]
[WhiteEngine "stockfish_18012416_x64_modern_CTG"]
[BlackEngine "Raubfisch X37b4a_CTG"]
[EventType "Swiss"]
[WhiteTeam ""]
[BlackTeam ""]
[PlyCount "120"]
[TimeControl "720+1"]

1. e4 e5 2. Nf3 Nc6 3. Bb5 Nf6 4. O-O Nxe4 5. d4 Nd6 6. Bxc6 dxc6 7. dxe5 Nf5 
8. Qxd8+ Kxd8 9. Nc3 Bd7 10. Rd1 Kc8 11. Ng5 Be8 12. Rd3 b6 13. g4 Ne7 
14. Be3 Ng6 15. f4 h5 16. gxh5 Rxh5 17. e6 f6 18. Rad1 Be7 19. Nge4 Nh4 
20. Ng3 Rh8 21. a4 Kb7 22. a5 f5 23. Bd4 Rh6 24. Ra1 Rc8 25. a6+ Ka8 
26. Bxg7 Rxe6 27. Kf2 Rg6 28. Be5 Rh6 29. h3 Bc5+ 30. Bd4 Bd6 31. Be5 Bc5+ 
32. Bd4 Bf8 33. Re3 c5 34. Be5 Bc6 35. Rg1 b5 36. Rd1 Kb8 37. Nge2 Ng6 
38. Nd5 Nxe5 39. fxe5 c4 40. b4 Rd8 41. e6 Bxd5 42. e7 Bxe7 43. Rxe7 Rxa6 
44. Nc3 c6 45. Re5 Ra3 46. Nxd5 cxd5 47. Rdxd5 Rxd5 48. Rxd5 a6 49. Ke2 Rxh3 
50. Rxf5 Rh2+ 51. Kd1 Kc7 52. Kc1 Rh6 53. Kd2 Kb6 54. Rf8 Re6 55. Kc3 Rd6 
56. Rh8 a5 57. Rb8+ Kc7 58. Rxb5 axb4+ 59. Rxb4 Rd1 60. Rxc4+ Kb6 1/2-1/2

[Event "Sunday 28 January Rapid Engine Tour 12+1 Rounds 9 Starts 1600 ST"]
[Site "Infinity Chess"]
[Date "2018.1.28"]
[Round "8"]
[White "Murx"]
[Black "ocirema"]
[Result "1-0 "]
[ECO "A03"]
[WhiteElo "2515"]
[BlackElo "2444"]
[WhiteEngine "BrainFish_180113_x64_modern"]
[BlackEngine "stockfish_18012314_x64_modern_CTG"]
[EventType "Swiss"]
[WhiteTeam ""]
[BlackTeam ""]
[PlyCount "235"]
[TimeControl "720+1"]

1. f4 d5 2. Nf3 Nf6 3. g3 e6 4. b3 Be7 5. Bg2 b5 6. O-O Bb7 7. e3 c5 8. Qe2 b4 
9. Bb2 a5 10. a4 O-O 11. d3 Nc6 12. Nbd2 Qc7 13. Rae1 Rad8 14. Ne5 Nxe5 
15. Bxe5 Qb6 16. Ba1 Ne8 17. Rd1 Nd6 18. Rfe1 Rfe8 19. Kh1 Nf5 20. e4 Nd4 
21. Bxd4 cxd4 22. Qf2 h6 23. e5 Rc8 24. Nf3 h5 25. Qxd4 Qxd4 26. Nxd4 Ba6 
27. Rd2 Bc5 28. Nf3 Bb6 29. h3 Kf8 30. Kh2 Ke7 31. g4 Rh8 32. Kg3 Rcg8 
33. Rf1 Bc8 34. Rfd1 Be3 35. Re2 Bb6 36. Bf1 Ba6 37. Rdd2 Rc8 38. Bg2 Rc6 
39. Nh4 Ke8 40. Rd1 g6 41. Nf3 Rc8 42. gxh5 Rxh5 43. h4 Ke7 44. Rde1 Rch8 
45. Rd2 Bb7 46. Rdd1 R5h7 47. Rd2 Rc8 48. Kg4 Rhh8 49. Red1 Rc3 50. Re2 Rcc8 
51. Rh1 Ba7 52. Bf1 Rh6 53. Bg2 Bc6 54. Rhe1 Rch8 55. Kg3 Rh5 56. Rc1 Bb6 
57. d4 Rb8 58. Bf1 Rhh8 59. Rh2 Bd7 60. Bd3 Rh5 61. Rch1 Rc8 62. Kf2 Rg8 
63. Rg1 Rgh8 64. Rg5 R5h7 65. Ke3 Bc6 66. Rg1 Rh5 67. Rgh1 Bd7 68. Rh3 R5h6 
69. Ne1 R6h7 70. Be2 Rh6 71. h5 Be8 72. Nd3 f5 73. exf6+ Kxf6 74. Ne5 Ke7 
75. Rg3 Bc7 76. Rhg1 Bxe5 77. fxe5 gxh5 78. Rg7+ Bf7 79. Rf1 Rf8 80. Kf4 Rg6 
81. Rh7 h4 82. Bd3 Rg3 83. Rh1 Rfg8 84. R1xh4 Kf8 85. Rh8 Rg1 86. Rxg8+ Bxg8 
87. Rh8 Kg7 88. Rh2 Rd1 89. Ke3 Rg1 90. Kf4 Rd1 91. Rh4 Bf7 92. Rh7+ Kg8 
93. Rh6 Kg7 94. Rh7+ Kg8 95. Rh4 Kg7 96. Ke3 Rg1 97. Rh7+ Kg8 98. Kf3 Rd1 
99. Rh2 Kg7 100. Rh7+ Kg8 101. Rh6 Kg7 102. Rh3 Bg8 103. Ke2 Rg1 104. Kf3 Rd1 
105. Kf4 Bf7 106. Ke3 Re1+ 107. Kd2 Rg1 108. Rh7+ Kg8 109. Rh2 Kg7 110. Rh7+ Kg8 
111. Rh4 Rg2+ 112. Ke3 Kg7 113. Rh7+ Kg8 114. Rh4 Kg7 115. Kf3 Rd2 116. Rh7+ Kg8 
117. Rh1 Kg7 118. Rg1+ 1-0

[Event "Sunday 28 January Rapid Engine Tour 12+1 Rounds 9 Starts 1600 ST"]
[Site "Infinity Chess"]
[Date "2018.1.28"]
[Round "8"]
[White "Neoxium"]
[Black "Susanne"]
[Result "1/2-1/2"]
[ECO "A07"]
[WhiteElo "2492"]
[BlackElo "2490"]
[WhiteEngine "SF SL FA-IDeA"]
[BlackEngine "asmfish-bmi2-012118-W_CTG"]
[EventType "Swiss"]
[WhiteTeam ""]
[BlackTeam ""]
[PlyCount "72"]
[TimeControl "720+1"]

1. Nf3 d5 2. g3 Nf6 3. Bg2 c5 4. O-O e6 5. b3 Be7 6. Bb2 O-O 7. c4 d4 8. e3 Nc6 
9. exd4 cxd4 10. Re1 Re8 11. d3 Qb6 12. Nbd2 Nd7 13. Ne4 a5 14. Rc1 e5 
15. Nfd2 a4 16. c5 Nxc5 17. Rxc5 Bxc5 18. Nc4 Qa7 19. Nxc5 Qxc5 20. Ba3 Qa7 
21. b4 Ne7 22. Rxe5 Be6 23. Nd6 Qb8 24. b5 Nc8 25. Nxf7 Bxf7 26. Rxe8+ Bxe8 
27. Bd5+ Bf7 28. Bxf7+ Kxf7 29. Qf3+ Ke6 30. Qg4+ Kf6 31. Qh4+ Ke6 32. Qg4+ Kf6 
33. Qf3+ Kg6 34. Qe4+ Kf6 35. Qf3+ Kg6 36. Qg4+ Kf6 1/2-1/2

[Event "Sunday 28 January Rapid Engine Tour 12+1 Rounds 9 Starts 1600 ST"]
[Site "Infinity Chess"]
[Date "2018.1.28"]
[Round "7"]
[White "Satria_Ungu"]
[Black "angriff"]
[Result "1/2-1/2"]
[ECO "A40"]
[WhiteElo "2353"]
[BlackElo "2406"]
[WhiteEngine "Houdini 6_CTG"]
[BlackEngine "Stockfish SL FA POPCNT_CTG"]
[EventType "Swiss"]
[WhiteTeam ""]
[BlackTeam ""]
[PlyCount "130"]
[TimeControl "720+1"]

1. d4 c6 2. e4 d5 3. Nc3 dxe4 4. Nxe4 Bf5 5. Ng3 Bg6 6. Nf3 e6 7. Bd3 c5 
8. O-O Nf6 9. Bxg6 hxg6 10. h3 Nc6 11. dxc5 Bxc5 12. Qe2 Qd6 13. Ne4 Nxe4 
14. Qxe4 Rd8 15. Bf4 Qd7 16. Rfe1 Rh5 17. c3 Be7 18. a4 a6 19. Be3 Qd5 
20. Qc2 Qc4 21. Rac1 Rhd5 22. Re2 Rc8 23. Bb6 Qa2 24. g3 Bf6 25. Kg2 Rd7 
26. Be3 Na5 27. h4 Qd5 28. Rd2 Qc6 29. Rxd7 Kxd7 30. b3 Ke8 31. c4 b6 
32. Bf4 Kf8 33. Rd1 Nb7 34. Qe2 Nc5 35. Bd6+ Kg8 36. Bxc5 bxc5 37. Kh2 Re8 
38. Rd3 e5 39. Ng5 e4 40. Re3 Bxg5 41. hxg5 f5 42. gxf6 gxf6 43. Kg2 f5 
44. Qd2 Kf7 45. b4 cxb4 46. Qxb4 Re6 47. Qb3 Re5 48. c5+ Qd5 49. Qb6 Qxc5 
50. Qxa6 Qd5 51. Qc8 g5 52. Qh8 f4 53. Qh7+ Ke8 54. Rc3 e3+ 55. Kh2 Re7 
56. Rc8+ Kd7 57. Rc7+ Kxc7 58. Qxe7+ Kb6 59. gxf4 exf2 60. a5+ Kc6 61. Qf6+ Qd6 
62. Qxd6+ Kxd6 63. Kg2 gxf4 64. Kxf2 Kc6 65. Kf3 Kb7 1/2-1/2

[Event "Sunday 28 January Rapid Engine Tour 12+1 Rounds 9 Starts 1600 ST"]
[Site "Infinity Chess"]
[Date "2018.1.28"]
[Round "7"]
[White "Thinker"]
[Black "MarioDeMonti"]
[Result "0-1"]
[ECO "C55"]
[WhiteElo "2416"]
[BlackElo "2457"]
[WhiteEngine "BrainFish_180124_x64_modern_CTG"]
[BlackEngine "stockfish_x64_bmi2_2018_01_13_CTG"]
[EventType "Swiss"]
[WhiteTeam ""]
[BlackTeam ""]
[PlyCount "97"]
[TimeControl "720+1"]

1. e4 e5 2. Nf3 Nc6 3. Bc4 Nf6 4. d3 Bc5 5. c3 d6 6. O-O O-O 7. h3 a5 8. Nbd2 h6 
9. Re1 Be6 10. a4 Ba7 11. Bxe6 fxe6 12. Nf1 d5 13. Qc2 Qe8 14. N1h2 d4 
15. Qb3 Bb6 16. cxd4 exd4 17. Bd2 Nd7 18. Qb5 e5 19. Rec1 Qe6 20. Nh4 Nd8 
21. Rc4 Nf7 22. Nf5 Kh7 23. Nf3 Nd6 24. Nxd6 cxd6 25. Kh2 Rf6 26. Rcc1 Raf8 
27. Qc4 Qe8 28. Rg1 Bd8 29. b4 Qh5 30. Qb5 R6f7 31. Be1 Nf6 32. Kh1 Nxe4 
33. Nxe5 Nxf2+ 34. Bxf2 Qxe5 35. Qxe5 dxe5 36. Bg3 axb4 37. Bxe5 Rd7 
38. Rgc1 Rf2 39. Bg3 Rd2 40. Rd1 Rc2 41. Rab1 Be7 42. Rf1 Kg6 43. Be1 Rc3 
44. Rf2 Bc5 45. Re2 Rf7 46. g3 Rxd3 47. Bxb4 Bxb4 48. Rxb4 Rxg3 49. Kh2 0-1

[Event "Sunday 28 January Rapid Engine Tour 12+1 Rounds 9 Starts 1600 ST"]
[Site "Infinity Chess"]
[Date "2018.1.28"]
[Round "7"]
[White "Dovahkiin"]
[Black "Cepri"]
[Result "1/2-1/2"]
[ECO "C55"]
[WhiteElo "2401"]
[BlackElo "2418"]
[WhiteEngine "BrainFish_180113_x64_modern_CTG"]
[BlackEngine "asmFishW_07N17_CTG"]
[EventType "Swiss"]
[WhiteTeam ""]
[BlackTeam ""]
[PlyCount "51"]
[TimeControl "720+1"]

1. e4 e5 2. Nf3 Nc6 3. Bc4 Nf6 4. d3 Bc5 5. O-O d6 6. c3 a5 7. Re1 O-O 8. Bb3 h6 
9. h3 Bb6 10. a4 Bd7 11. Na3 Re8 12. Nc4 Bc5 13. Ne3 Bb6 14. Nh2 Be6 
15. Bxe6 fxe6 16. Nf3 Rf8 17. Nc4 Bc5 18. Be3 Bxe3 19. Rxe3 Qd7 20. d4 exd4 
21. cxd4 Nb4 22. Rc1 Na2 23. Rb1 Nb4 24. Rc1 Na2 25. Ra1 Nb4 26. Rc1 1/2-1/2

[Event "Sunday 28 January Rapid Engine Tour 12+1 Rounds 9 Starts 1600 ST"]
[Site "Infinity Chess"]
[Date "2018.1.28"]
[Round "7"]
[White "incredible"]
[Black "SkyPilot"]
[Result "1/2-1/2"]
[ECO "E10"]
[WhiteElo "2419"]
[BlackElo "2500"]
[WhiteEngine "Houdini 6"]
[BlackEngine "stockfish_x64_bmi2_2018_01_13_CTG"]
[EventType "Swiss"]
[WhiteTeam ""]
[BlackTeam ""]
[PlyCount "120"]
[TimeControl "720+1"]

1. d4 Nf6 2. c4 e6 3. Nf3 d5 4. Nc3 c6 5. Bg5 h6 6. Bxf6 Qxf6 7. e3 Nd7 
8. Bd3 dxc4 9. Bxc4 g6 10. O-O Bg7 11. e4 e5 12. d5 Nb6 13. Nd2 O-O 14. Bb3 h5 
15. Qe2 Bg4 16. f3 Bd7 17. Qf2 Qe7 18. Nc4 Nxc4 19. Bxc4 Qb4 20. Bb3 Rfd8 
21. Rad1 a5 22. dxc6 bxc6 23. Qh4 Qb6+ 24. Qf2 Qc7 25. Na4 Be8 26. Rxd8 Rxd8 
27. Qb6 Qxb6+ 28. Nxb6 Bf8 29. Nc4 Bc5+ 30. Kh1 Bd4 31. g3 Ra8 32. Ba4 Bd7 
33. Kg2 g5 34. Rc1 Ra6 35. b3 Kf8 36. Kf1 Ke7 37. Ke2 g4 38. f4 exf4 39. gxf4 c5 
40. Bxd7 Kxd7 41. Rd1 Ke6 42. h3 g3 43. h4 g2 44. Ne3 a4 45. Nxg2 axb3 
46. axb3 Ra2+ 47. Rd2 Ra3 48. Ne3 Bxe3 49. Kxe3 Rxb3+ 50. Ke2 c4 51. Rd5 c3 
52. Rc5 Kf6 53. Kd3 c2+ 54. Kxc2 Rf3 55. e5+ Kf5 56. e6+ Kxe6 57. Rxh5 Rxf4 
58. Rh6+ Kd5 59. Rh8 f6 60. h5 Rh4 1/2-1/2